 Dungeon Crawl Stone Soup version 0.21.1-68-g103a7afc0a (webtiles) character file.

3801 Snailtan the Cleaver (level 9, -5/79 HPs)
             Began as a Minotaur Fighter on Aug 3, 2018.
             Was a High Priest of Wu Jian.
             Slain by a hellwing (12 damage)
             ... on level 7 of the Dungeon.
             The game lasted 00:29:34 (6970 turns).

Snailtan the Cleaver (Minotaur Fighter)             Turns: 6970, Time: 00:29:35

Health: -5/79      AC:  9    Str: 23    XL:     9   Next: 96%
Magic:  8/8        EV: 16    Int:  5    God:    Wu Jian [*****.]
Gold:   376        SH: 12    Dex: 11    Spells: 8/8 levels left

rFire    . . .     SeeInvis .   H - +7 hand axe (freeze)
rCold    . . .     Gourm    .   c - +1 shield
rNeg     . . .     Faith    +   b - +0 scale mail
rPois    .         Spirit   .   (helmet restricted)
rElec    .         Reflect  .   p - +0 cloak
rCorr    +         Harm     .   (no gloves)
MR       .....                  (no boots)
Stlth    ..........             q - amulet of faith
HPRegen  0.23/turn              i - +6 ring of evasion
MPRegen  0.11/turn              j - ring of resist corrosion

@: no status effects
A: retaliatory headbutt, horns 2
a: Wall Jump, Serpent's Lash, Heavenly Storm, Renounce Religion


You were on level 7 of the Dungeon.
You worshipped Wu Jian.
Wu Jian was extremely pleased with you.
You were not hungry.

You visited 1 branch of the dungeon, and saw 7 of its levels.
You also visited: Ossuary.

You collected 376 gold pieces.

Inventory:

Hand Weapons
 a - a +1 war axe
 G - a +3 hand axe
 H - a +7 hand axe of freezing (weapon)
Armour
 b - a +0 scale mail (worn)
 c - a +1 shield (worn)
 p - a +0 cloak (worn)
Jewellery
 g - a +2 ring of intelligence
 i - a +6 ring of evasion (left hand)
 j - a ring of resist corrosion (right hand)
 q - an amulet of faith (around neck)
 y - an uncursed ring of protection from cold
 B - a +2 ring of intelligence
Wands
 m - a wand of polymorph (21)
 o - a wand of paralysis (9)
Scrolls
 e - 9 scrolls of teleportation
 h - 3 scrolls of random uselessness
 k - 2 scrolls of amnesia
 r - 3 scrolls of remove curse
 u - a scroll of enchant weapon
 w - 2 scrolls of identify
 E - a scroll of enchant armour
 F - a scroll of blinking
Potions
 d - 3 potions of might
 l - a potion of brilliance
 n - 3 potions of heal wounds
 s - a potion of lignification
 v - 2 potions of flight
 x - a potion of curing {unknown}
 z - 2 potions of magic {unknown}
 C - a potion of ambrosia {unknown}
Books
 t - a book of Geomancy

   Spells                             Type                      Level
   a - Sandblast                      Earth                        1
   b - Passwall                       Transmutation/Earth          2
   c - Stone Arrow                    Conjuration/Earth            3
   d - Petrify                        Transmutation/Earth          4
   e - Lee's Rapid Deconstruction     Earth                        5
 D - a book of Necromancy

   Spells                             Type                      Level
   a - Pain                           Necromancy                   1
   b - Animate Skeleton               Necromancy                   1
   c - Vampiric Draining              Necromancy                   3
   d - Regeneration                   Charms/Necromancy            3
   e - Animate Dead                   Necromancy                   4
   f - Borgnjor's Vile Clutch         Necromancy/Earth             5
Comestibles
 f - 17 rations


   Skills:
 + Level 7.0 Fighting
 + Level 11.6 Axes
 + Level 7.5 Armour
 + Level 4.6 Dodging
 + Level 1.1 Stealth
 + Level 7.8 Shields


You had 8 spell levels left.
You didn't know any spells.

Dungeon Overview and Level Annotations

Branches:
Dungeon (7/15)             Temple (0/1) D:5

Altars:
Ashenzari
Cheibriados
Fedhas
Makhleb
Sif Muna
Vehumet
Wu Jian
The Shining One

Shops:
D:6 (


Innate Abilities, Weirdness & Mutations

You reflexively headbutt those who attack you in melee.
You have a pair of horns on your head.


Message History

You spin and attack the hellwing.
You slash the hellwing! You freeze the hellwing.
The hellwing is heavily wounded.
Your surroundings suddenly seem different.
A hellwing comes into view.
The hellwing gives a chilling moan.
The redback zombie bites you but does no damage.
You block the redback zombie's attack.
A worker ant comes into view.
The worker ant twitches its antennae in your direction.
The redback zombie bites you!
* * * LOW HITPOINT WARNING * * *
The hellwing swoops through the air toward you!
You block the hellwing's attack. The hellwing hits you.
* * * LOW HITPOINT WARNING * * *
You hit the hellwing. You freeze the hellwing. You headbutt the hellwing!
The hellwing is moderately wounded.
You closely miss the redback zombie. You block the redback zombie's attack.
The hellwing hits you!
You die...

....8.## #.#
.......## #.#
..P.....## #.#
##.......####
#.#######
##...........
#........
##.......###
##..######
###.....##
#.##...## #
##...#####....Z..#
#
#.Z4....####.@.##
# ###.##### ##4##
# #.....# #.#
#.###.# #a# ##.##
# #'#
#####...##.### ...
......_......# ...
.#.##...####.. ...
.#.###.##


You could see a hellwing, a worker ant and a redback zombie.

Vanquished Creatures
  A centaur skeleton (D:7)
  A meliai zombie (D:7)
  A human (D:7)
  A yak (D:7)
  3 hogs (D:7)
  A water moccasin (D:6)
  A sky beast (D:7)
  A phantom (D:5)
  2 orc warriors
  2 ogres (D:3)
  An elf zombie (Ossuary)
  2 wyvern zombies (D:7)
  A bullfrog (D:6)
  2 scorpions
  7 wights
  2 jellies
  3 crimson imps
  A quasit (D:5)
  A centaur zombie (D:4)
  5 hounds
  A gnoll shaman (D:3)
  3 human zombies (Ossuary)
  5 orc priests
  7 orc wizards
  An iguana (D:6)
  5 worker ants
  2 big kobold zombies (Ossuary)
  A hound zombie (D:7)
  A hound skeleton (D:6)
  2 mummies (Ossuary)
  A howler monkey skeleton (D:4)
  6 adders
  4 gnolls (D:3)
  6 shadow imps
  An ooze (D:4)
  3 adder skeletons
  An adder zombie (D:7)
  2 worms (D:2)
  4 dart slugs
  3 leopard geckos
  37 orcs
  2 bats
  7 giant cockroaches
  6 goblins
  5 hobgoblins
  11 jackals
  6 kobolds
  5 quokkas
  4 frilled lizards
  A giant cockroach zombie (D:4)
  A goblin zombie (Ossuary)
  14 hobgoblin zombies (Ossuary)
  6 kobold zombies (Ossuary)
  5 leopard gecko skeletons
  A leopard gecko zombie (D:5)
  6 orc zombies (Ossuary)
  2 quokka skeletons
  3 rats
  3 rat zombies (Ossuary)
  A butterfly (D:5)
  3 withered plants (D:7)
227 creatures vanquished.

Vanquished Creatures (others)
  4 withered plants (D:7)
4 creatures vanquished.

Grand Total: 231 creatures vanquished

Notes
Turn   | Place    | Note
-------+----------+-------------------------------------------
     0 | D:1      | Snailtan the Minotaur Fighter began the quest for the Orb.
     0 | D:1      | Reached XP level 1. HP: 19/19 MP: 0/0
    59 | D:1      | Reached XP level 2. HP: 19/27 MP: 1/1
   904 | D:2      | Reached XP level 3. HP: 24/33 MP: 2/2
  1182 | D:2      | Found an ornate altar of the Wu Jian Council.
  1196 | D:2      | Became a worshipper of the Wu Jian Council
  1444 | D:3      | Reached skill level 3 in Axes
  1703 | D:3      | Reached XP level 4. HP: 41/41 MP: 3/3
  1722 | D:3      | Reached * piety under Wu Jian
  1954 | D:3      | Reached skill level 4 in Axes
  2171 | D:4      | Reached XP level 5. HP: 31/47 MP: 4/4
  2229 | D:4      | Found a radiant altar of Vehumet.
  2293 | D:4      | Found a sand-covered staircase.
  2298 | Ossuary  | Entered an ossuary
  2370 | Ossuary  | Reached ** piety under Wu Jian
  2431 | Ossuary  | Reached skill level 5 in Axes
  2459 | Ossuary  | Reached XP level 6. HP: 43/53 MP: 5/5
  2495 | Ossuary  | Reached skill level 6 in Axes
  2527 | Ossuary  | Reached skill level 1 in Dodging
  2846 | D:4      | Reached skill level 5 in Fighting
  2895 | D:4      | Found a snail-covered altar of Cheibriados.
  2895 | D:4      | Found a burning altar of Makhleb.
  3215 | D:3      | Reached skill level 5 in Armour
  3215 | D:3      | Reached XP level 7. HP: 20/61 MP: 6/6
  3217 | D:3      | Reached skill level 7 in Axes
  3436 | D:3      | Reached *** piety under Wu Jian
  3438 | D:3      | Reached skill level 5 in Shields
  3572 | D:5      | Entered Level 5 of the Dungeon
  3812 | D:5      | Reached skill level 8 in Axes
  3914 | D:5      | Found a deep blue altar of Sif Muna.
  4078 | D:5      | Reached XP level 8. HP: 68/69 MP: 7/7
  4483 | D:5      | Reached skill level 1 in Stealth
  4545 | D:5      | Found a staircase to the Ecumenical Temple.
  4899 | D:5      | Reached skill level 9 in Axes
  4990 | D:6      | Found a shattered altar of Ashenzari.
  5049 | D:6      | Reached **** piety under Wu Jian
  5226 | D:6      | Found Tiku Roc's Weapon Boutique.
  5888 | D:6      | Found a blossoming altar of Fedhas.
  6086 | D:6      | Reached skill level 10 in Axes
  6086 | D:6      | Reached XP level 9. HP: 75/75 MP: 8/8
  6281 | D:7      | Found a glowing golden altar of the Shining One.
  6310 | D:7      | Noticed a hellwing
  6338 | D:7      | Reached skill level 11 in Axes
  6841 | D:7      | Reached ***** piety under Wu Jian
  6960 | D:7      | Noticed a hellwing
  6970 | D:7      | Slain by a hellwing

Skill      XL: |  1  2  3  4  5  6  7  8  9 |
---------------+----------------------------+-----
Fighting       | 4 5 7 |  7.0
Shields        | 4 5 6 7 |  7.8
Armour         | 4 5 6 7 |  7.5
Axes           | 3 4 5 6 8 10 11 | 11.6
Dodging        | 1 3 4 |  4.6
Stealth        | 1 |  1.1

Action                   |  1- 3 |  4- 6 |  7- 9 || total
-------------------------+-------+-------+-------++-------
Melee: War axe           |    83 |   224 |   241 ||   548
       Headbutt          |    12 |    38 |    60 ||   110
       Hand axe          |       |       |   156 ||   156
Invok: Lunge             |     1 |    16 |    24 ||    41
       Whirlwind         |       |   109 |   159 ||   268
       Wall Jump         |       |    22 |    26 ||    48
  Use: Scroll            |     7 |     4 |     5 ||    16
       Potion            |       |     6 |     2 ||     8
  Eat: Chunk             |     2 |     2 |    10 ||    14
       Ration            |       |     1 |     1 ||     2
Armor: Scale mail        |    43 |    59 |    70 ||   172
Dodge: Dodged            |    37 |    97 |   174 ||   308
Block: Shield            |    44 |    78 |   177 ||   299
